 Dungeon Crawl Stone Soup version 0.29.0-4-gdea44cf6ec (webtiles) character file.

Game seed: 7275090391679028228

10 qw the Chopper (level 2, -2/17 HPs)
             Began as a Tengu Warper on Aug 28, 2022.
             Slain by a gnoll
             ... wielding a +0 whip
              (8 damage)
             ... on level 1 of the Dungeon.
             The game lasted 00:00:01 (350 turns).

qw the Chopper (Tengu Warper)                        Turns: 350, Time: 00:00:02

Health: -2/17      AC:  3    Str: 11    XL:     2   Next: 20%
Magic:  6/6        EV: 11    Int: 13    God:
Gold:   12         SH:  0    Dex: 13    Spells: 5/5 levels left

rFire   . . .      SeeInvis .   a - +0 hand axe
rCold   . . .      Faith    .   (no shield)
rNeg    . . .      Spirit   .   b - +0 leather armour
rPois   .          Reflect  .   (helmet restricted)
rElec   .          Harm     .   (no cloak)
rCorr   .          Rampage  .   (no gloves)
Will    .....                   (boots unavailable)
Stlth   +.........              (no amulet)
HPRegen 0.05/turn               (no ring)
MPRegen 0.10/turn               (no ring)

@: no status effects
A: beak, talons 3
a: no special abilities


You were on level 1 of the Dungeon.
You visited 1 branch of the dungeon, and saw 1 of its levels.

You collected 12 gold pieces.


Innate Abilities, Weirdness & Mutations

You have a beak for a mouth.
You have claws for feet.


   Skills:
 - Level 2.0 Fighting
 + Level 3.1 Axes
 - Level 1.0 Throwing
 - Level 1.1 Armour
 - Level 2.1 Dodging
 - Level 2.0 Spellcasting
 - Level 2.4 Translocations


You had 5 spell levels left.
You didn't know any spells.
Your spell library contained the following spells:

 Spells                   Type           Power      Damage    Failure   Level
 Blink                    Tloc           14%        N/A       19%         2
 Gell's Gravitas          Tloc           7%         N/A       36%         3
 Lesser Beckoning         Tloc           7%         N/A       36%         3
 Teleport Other           Tloc           7%         N/A       36%         3
 Manifold Assault         Tloc           7%         N/A       98%         5

Inventory:

Hand Weapons
 a - a +0 hand axe (weapon)
 d - a +0 club
Armour
 b - a +0 leather armour (worn)
Jewellery
 g - a +4 ring of evasion
Scrolls
 c - a scroll of blinking
Potions
 e - 2 potions of resistance {unknown}
 f - a potion of brilliance {unknown}

Dungeon Overview and Level Annotations

Branches:
Dungeon (1/15)

Altars:

Annotations:
D:1 2 runed translucent doors


Message History

You hit the ball python.
You kill the ball python!
d - a +0 club You see here a kobold corpse.
g - a +4 ring of evasion
Found a stone staircase leading down.
A quokka, a bat and a gnoll come into view.
The gnoll shouts!
Enter note:
339 ||| Stepping ~*~*~tactically~*~*~ (stealth).
The bat hits you but does no damage. The bat hits you.
You hit the bat.
You kill the bat!
You hit the gnoll.
The gnoll is moderately wounded.
The gnoll hits you with a +0 whip.
You hit the gnoll. Your kick misses the gnoll. Your peck misses the gnoll.
The gnoll is severely wounded.
You hit the quokka but do no damage. The quokka bites you.
The gnoll hits you with a +0 whip. The quokka misses you.
You barely miss the gnoll. Your kick misses the gnoll.
You peck the gnoll, but do no damage.
The gnoll is severely wounded.
You hit the quokka. The gnoll barely misses you. The quokka closely misses you.
You completely miss the gnoll. Your kick misses the gnoll.
The gnoll is severely wounded.
You closely miss the quokka. The gnoll barely misses you.
The quokka barely misses you. The gnoll barely misses you.
The quokka bites you.
You barely miss the gnoll.
The gnoll is heavily wounded.
You hit the quokka but do no damage. The quokka bites you.
The gnoll closely misses you.
You hit the gnoll.
The gnoll is severely wounded.
You hit the quokka.
You kill the quokka!
The gnoll hits you with a +0 whip!
You die...

#..##..%....#... .#
#..##.#.#... #...
#....#.. ..# ........ ##
########
######################
.....................#
#####.#.#####........# #
#@######.......###
#g%..###..........
#............#####>..
...b....................
.......#........####....
.......###......# #....
.##.... #......# ##.##
#.... ######## #.# #....
#..


You could see a gnoll.

Vanquished Creatures
  2 ball pythons (D:1)
  An endoplasm (D:1)
  A quokka (D:1)
  4 bats (D:1)
  2 frilled lizards (D:1)
  A kobold (D:1)
  A rat (D:1)
12 creatures vanquished.

Notes
Turn   | Place    | Note
-------+----------+-------------------------------------------
     0 | D:1      | qw the Tengu Warper began the quest for the Orb.
     0 | D:1      | Reached XP level 1. HP: 12/12 MP: 4/4
     0 | D:1      | 0 ||| qw: Version: 0.1-a-89-g26bdef1
     0 | D:1      | 0 ||| qw: Game counter: 1018
     0 | D:1      | 0 ||| qw: Always use a shield: true
     0 | D:1      | 0 ||| qw: God list: Okawaru
     0 | D:1      | 0 ||| qw: Allow faded altars: false
     0 | D:1      | 0 ||| qw: Do Orc after D:15 true
     0 | D:1      | 0 ||| qw: Do second Lair branch before Depths: true
     0 | D:1      | 0 ||| qw: Lair rune preference: random
     0 | D:1      | 0 ||| qw: Plans: Normal
     0 | D:1      | 0 ||| PLANNING D:1-11
    74 | D:1      | Found a large runed translucent door.
    74 | D:1      | Found a large runed translucent door.
    75 | D:1      | Noticed a troll
   284 | D:1      | Reached XP level 2. HP: 17/17 MP: 6/6
   286 | D:1      | Reached skill level 3 in Axes
   339 | D:1      | 339 ||| Stepping ~*~*~tactically~*~*~ (stealth).
   350 | D:1      | Slain by a gnoll

Levels and vault maps discovered:
D:1:      erik_arrival_cave_to_civilisation [erik_arrival_cave_to_temple],
          layout_basic, dreamdust_ecumenical_altar_angels_and_demons,
          minmay_close_crescents

Skill      XL: |  1  2 |
---------------+-------+-----
Axes           | 3 |  3.1
Fighting       | |  2.0
Throwing       | |  1.0
Armour         | |  1.1
Dodging        | |  2.1
Spellcasting   | |  2.0
Translocations | |  2.4

Action                   || total
-------------------------++-------
Melee: Hand axe          ||    22
       Kick              ||     2
       Peck              ||     1
Throw: Boomerang         ||     7
Armor: Leather armour    ||    13
Dodge: Dodged            ||    17

Table legend:
 A = Non-vault XP
 B = Vault XP
 C = Vault XP percentage of total XP
 D = Non-vault monster count
 E = Vault monster count
 F = Vault count percentage of total count
                 A         B        C        D         E       F
            +---------+---------+-------+---------+---------+-------
      Total |      13 |       4 |  23.5 |      10 |       2 |  16.7
            +---------+---------+-------+---------+---------+-------
        D:1 |      13 |       4 |  23.5 |      10 |       2 |  16.7
            +---------+---------+-------+---------+---------+-------
